[Event "1st Serbian League 2022"]
[Site "Vrnjacka Banja"]
[Date "2022.09.27"]
[Round "8.29"]
[White "Mijailovic, Zoran"]
[Black "Zajic, Milan"]
[Result "1/2-1/2"]
[ECO "D38"]
[WhiteElo "2345"]
[BlackElo "2402"]
[Annotator "TA"]
[PlyCount "46"]
[EventDate "2022.09.20"]
[EventType "team-tourn"]
[EventCountry "SRB"]
[SourceTitle "playchess.com"]
[Source "ChessBase"]
[SourceQuality "1"]
[TimeControl "40/5400+30:1800+30"]

1. d4 Nf6 2. c4 e6 3. Nf3 d5 4. Nc3 Bb4 5. Bg5 h6 6. Bxf6 Qxf6 7. e3 O-O 8. Rc1 dxc4 9. Bxc4 c5 10. O-O {[%emt 0:04:56] Black must now prevent Ne4.} cxd4 {[%emt 0:00:11] D38: Queen's Gambit Declined: Ragozin Defence (4 Nf3 Bb4).} 11. exd4 Nc6 12. Ne4 Qe7 13. Qe2 Rd8 14. Rfd1 Ba5 15. Bb5 Bd7 16. Nc5 Be8 17. a3 Bb6 18. b4 a5 19. Qb2 (19. Rb1 $11) 19... axb4 $15 20. axb4 {[%emt 0:00:07] [#]} Rd6 $146 (20... Ne5 $1 $15 21. Nxe5 Bxb5) ({Predecessor:} 20... Rd5 21. Bc4 Rf5 22. Bd3 Rf4 23. Qd2 Rxf3 24. gxf3 Nxd4 25. Bh7+ Kxh7 26. Qxd4 Bc6 27. Qf4 Bxc5 28. Rxc5 Ra3 29. Rxc6 bxc6 {0-1 (57) Oborski,A (1988)-Molenda,M (2379) Jastrzebie Zdroj 2018}) 21. Ne4 $11 Rdd8 (21... Rd5 $11 22. Bc4 Rdd8) 22. Nc5 $15 {[%emt 0:00:15] [#]} Rd6 (22... Ne5 $1 $15 23. Nxe5 Bxb5) 23. Ne4 $11 Rdd8 {[%emt 0:01:09] Weighted Error Value: White=0.09 (flawless) /Black=0.13 (very precise)} 1/2-1/2

[Event "1st Serbian League 2022"]
[Site "Vrnjacka Banja"]
[Date "2022.09.27"]
[Round "8.30"]
[White "Stankovic, Milos"]
[Black "Todorovic, Jovan"]
[Result "1-0"]
[ECO "B23"]
[WhiteElo "2439"]
[BlackElo "2350"]
[Annotator "TA"]
[PlyCount "99"]
[EventDate "2022.09.20"]
[EventType "team-tourn"]
[EventCountry "SRB"]
[SourceTitle "playchess.com"]
[Source "ChessBase"]
[SourceQuality "1"]
[TimeControl "40/5400+30:1800+30"]

1. e4 c5 2. Nc3 d6 3. Bb5+ Bd7 4. Bxd7+ Qxd7 5. d4 cxd4 6. Qxd4 {[%emt 0:00:29] B23: Closed Sicilian: Lines without g3.} Nc6 7. Qd3 g6 8. Nf3 {[%emt 0:01:30] The position is equal.} Bg7 9. O-O Nf6 10. Nd5 O-O 11. h3 {[%emt 0:02:39] [#]} Nxd5 $146 ({Predecessor:} 11... Rac8 12. c3 Nxd5 13. Qxd5 b6 14. Bg5 h6 15. Bf4 Kh7 16. Rfe1 Na5 17. Qd3 Nc4 {½-½ (35) Perez Dominguez,J (2072)-Debnar,I (2137) ICCF email 2018}) 12. exd5 Ne5 13. Nxe5 Bxe5 14. c3 Rfe8 15. f4 Bf6 16. f5 b5 17. Be3 b4 18. cxb4 Bxb2 19. Rae1 (19. Rab1 $14 Bg7 20. a3) 19... Qb7 {[%emt 0:04:24] [#]} (19... Qa4 $11) 20. a3 (20. b5 $1 $16) 20... a6 21. Bg5 (21. h4 $14) 21... Bf6 (21... Rac8 $11 {keeps the balance.}) 22. fxg6 $16 hxg6 {[%emt 0:00:30] [#]} 23. Bxf6 {[%emt 0:00:30] White is more active.} ({White should try} 23. Qf3 $1 $16) 23... exf6 $11 24. Rxe8+ Rxe8 25. Rxf6 $16 {[%emt 0:00:30][%mdl 4096] Endgame KQR-KQR} Re5 26. Kh2 Kg7 27. Rf4 ({Not} 27. Rxd6 $2 Qb8 28. Rxg6+ (28. Qxa6 $2 Rxd5 29. Qb6 Qxd6+ $19) 28... fxg6 $19) (27. Rf1 {keeps more tension.} Qxd5 28. Qxa6 Re3 29. Qa7) 27... a5 $2 ({Better is} 27... Qb5 $14 28. Rc4 a5) 28. bxa5 $18 Qxd5 $2 (28... Qb2 29. a6 Re7) 29. Qxd5 Rxd5 {[%emt 0:00:30] KR-KR} 30. Ra4 Rc5 31. Rf4 $2 (31. a6 $18 {Threatening mate with a7.} Rc8 32. a7) 31... Rd5 32. Ra4 $2 (32. h4 $11 Rxa5 33. a4) 32... Rc5 $1 33. a6 {[%emt 0:00:48] White wants to mate with a7.} Rc8 34. a7 Ra8 35. Kg3 Kf6 36. Kf4 Ke6 37. Ke4 f5+ 38. Kd4 {[%emt 0:00:37] And now Kc4 would win.} g5 39. Ra5 g4 40. hxg4 fxg4 41. g3 Kd7 42. Kd5 Kc7 43. Ra4 Kb6 44. Kxd6 Rd8+ 45. Ke7 Ra8 46. Kd7 Kb7 47. Rb4+ Ka6 48. Kd6 Rd8+ 49. Kc7 Ra8 50. Ra4+ {[%emt 0:00:11][%mdl 32768] Weighted Error Value: White=0.29 (precise) /Black=0.96. Loss on time!?} 1-0

[Event "1st Serbian League 2022"]
[Site "Vrnjacka Banja"]
[Date "2022.09.27"]
[Round "8.31"]
[White "Ter-Sahakyan, Samvel"]
[Black "Risteski, Emil"]
[Result "1/2-1/2"]
[ECO "B30"]
[WhiteElo "2630"]
[BlackElo "2364"]
[Annotator "TA"]
[PlyCount "75"]
[EventDate "2022.09.20"]
[EventType "team-tourn"]
[EventCountry "SRB"]
[SourceTitle "playchess.com"]
[Source "ChessBase"]
[SourceQuality "1"]
[TimeControl "40/5400+30:1800+30"]

1. e4 c5 2. Nf3 Nc6 3. Bb5 Nf6 4. Nc3 g6 5. e5 Nh5 6. d3 {[%emt 0:07:57] B30: Sicilian: 2...Nc6 3 Bb5, lines without ...g6.} Ng7 7. Bh6 Ne6 8. Bxf8 {[%emt 0:01:32] [#] White has an edge.} Kxf8 $146 ({Predecessor:} 8... Rxf8 9. Bxc6 dxc6 10. Ne4 Qa5+ 11. c3 Bd7 12. O-O O-O-O 13. Qd2 Qa6 14. Qe3 c4 {1-0 (29) Svoboda,V (2321)-Nun,J (2372) Czech Republic 2011}) 9. Bxc6 dxc6 10. O-O Kg7 11. Re1 b6 12. Qd2 a5 13. Re4 Nd4 14. Rf4 h6 15. h4 {[%emt 0:11:09][%cal Bh2h4,Bh4h5][%mdl 32] Inhibits g5.} Bf5 16. Nxd4 cxd4 17. Ne2 c5 18. h5 e6 19. Ng3 Qg5 20. Re1 Rad8 21. a4 Rd5 22. hxg6 fxg6 ({Don't play} 22... Bxg6 23. Ne4 Bxe4 24. Rexe4 $14) 23. Qc1 Rf8 24. b3 Qe7 25. Re2 (25. Rf3 $11 {is superior.}) 25... Qg5 26. Re1 Qe7 27. Rf3 {[%emt 0:01:11] The position is equal.} g5 28. Nh5+ Kg6 $1 29. Nf6 Rxe5 30. Rxe5 Rxf6 31. Qe1 {[%emt 0:01:53][%cal Of3f5] [#] aiming for Rfxf5!} Qd6 32. Kh1 h5 33. Kg1 h4 34. Qe2 Bg4 {[%emt 0:01:46] [#] And now ...Rf4 would win.} 35. Qe4+ Bf5 36. Qe2 Bg4 {[%emt 0:00:07] Strongly threatening ...Rf4.} 37. Qe4+ Bf5 38. Qe1 {[%emt 0:01:07] An interesting draw.  Weighted Error Value: White=0.05 (flawless) /Black=0.06 (flawless)} 1/2-1/2

[Event "1st Serbian League 2022"]
[Site "Vrnjacka Banja"]
[Date "2022.09.27"]
[Round "8.32"]
[White "Djokic, Mihailo"]
[Black "Stojanovic, Mihajlo"]
[Result "0-1"]
[ECO "C13"]
[WhiteElo "2197"]
[BlackElo "2494"]
[Annotator "TA"]
[PlyCount "90"]
[EventDate "2022.09.20"]
[EventType "team-tourn"]
[EventCountry "SRB"]
[SourceTitle "playchess.com"]
[Source "ChessBase"]
[SourceQuality "1"]
[TimeControl "40/5400+30:1800+30"]

1. e4 e6 2. d4 d5 3. Nc3 Nf6 4. Bg5 dxe4 5. Nxe4 Be7 6. Bxf6 gxf6 7. Nf3 f5 8. Nc3 a6 {[%emt 0:00:07] C13: French: Classical System: 4 Bg5 Be7, Alekhine-Chatard Attack.} 9. g3 b5 10. Bg2 Bb7 {[%emt 0:00:07] The position is equal.} 11. O-O {[%emt 0:00:14][%cal Od4d5] next d5! is good for White.} Bf6 12. Qe2 {[%emt 0:12:16] [#]} Qe7 $146 ({Predecessor:} 12... O-O 13. Rad1 b4 14. Na4 Nd7 15. Ne5 Bxg2 16. Kxg2 Nb6 17. Nc5 Qd5+ 18. Nf3 a5 {1-0 (54) Hansen,E (2573)-Williams,S (2439) London 2015}) 13. Ne5 Bxg2 14. Kxg2 c5 15. Qf3 Ra7 16. Rfe1 O-O (16... Bxe5 $11 17. dxe5 Qb7) 17. d5 $1 $14 Qd6 18. Nd3 b4 19. Ne4 fxe4 20. Qxf6 Qxd5 (20... exd3 $2 21. Re5 h6 22. Rh5 dxc2 23. Rxh6 Qxd5+ 24. f3 Qd2+ 25. Kh3 Qxh6+ 26. Qxh6 $18) 21. Nf4 Qf5 22. Qh6 ({Better is} 22. Qxf5 $14 exf5 23. Red1) 22... Nd7 23. Rad1 Nf6 {[%emt 0:02:13] Prevents Nh5.} 24. h3 Nd5 25. Nxd5 exd5 {[%emt 0:00:03] Dancing on a razor blade.} 26. Qc6 Qf3+ 27. Kg1 e3 28. fxe3 (28. Qxc5 $11 d4 29. Re2 (29. Qxa7 {gets mated.} exf2+ 30. Kh2 fxe1=Q 31. Rxe1 Qf2+ 32. Kh1 Qxe1+ 33. Kg2 Qe2+ 34. Kg1 Qd1+ 35. Kh2 Re8 36. Qxa6 Qf3 37. h4 Re1 38. Qc8+ Kg7) (29. Qxd4 Qxf2+ 30. Kh1 Qf3+ 31. Kh2 Rc7 $15) (29. Qg5+ $2 Kh8 $19)) 28... Qxg3+ $19 29. Kf1 Qxh3+ (29... Qf3+ $142 30. Kg1 Kh8) 30. Kf2 {[%emt 0:01:40] [#] Intending Rg1+ and mate.} Qf5+ 31. Ke2 {[%emt 0:00:17] Black must now prevent Rg1+.} Qxc2+ 32. Kf3 {[%emt 0:00:33] Rg1+ is the strong threat.} Qe4+ (32... Qxb2 $2 33. Rg1+ Kh8 34. Qh6 $18) 33. Kf2 Qh4+ 34. Kf3 $2 (34. Ke2) 34... Re7 35. Qxc5 $2 (35. Rg1+ Kh8 36. Qxc5) 35... Rfe8 $2 (35... Qh5+ 36. Kf2 Qh2+ 37. Kf3 Re6 38. Rxd5 Rf6+ 39. Ke4 Qh4+ 40. Kd3 Qxe1) 36. Qd4 Qh3+ 37. Kf2 {[%emt 0:00:06] Rg1+ would kill now.} Qf5+ ({Don't go for} 37... Qh2+ $2 38. Kf3 Qh3+ 39. Kf2 Qf5+ 40. Ke2 Rxe3+ 41. Qxe3 Rxe3+ 42. Kxe3 $19) 38. Ke2 {[%emt 0:00:17] Hoping for Rg1+.} f6 39. Rg1+ Kf7 40. Rg3 {[%emt 0:00:09] [#]} Rc8 ({And not} 40... b3 41. Qxd5+ Qxd5 42. Rxd5 $17) (40... Re5 $1 $19 {has better winning chances. Strongly threatening ...Qh5+.} 41. Qh4 a5) 41. Qxb4 $2 {[%emt 0:32:48][%mdl 8192] White does not recover from this.} (41. Qxd5+ $17 Qxd5 42. Rxd5) 41... Rc2+ {[%emt 0:09:57] Black is clearly winning.} 42. Rd2 Rec7 43. Rf3 Qg6 44. Kf1 Rxd2 45. Qxd2 Qb1+ {[%emt 0:19:15] Weighted Error Value: White=0.47/Black=0.29 (precise)} 0-1

[Event "1st Serbian League 2022"]
[Site "Vrnjacka Banja"]
[Date "2022.09.27"]
[Round "8.33"]
[White "Pezelj, Novak"]
[Black "Jocev, Milan"]
[Result "1/2-1/2"]
[ECO "C84"]
[WhiteElo "2496"]
[BlackElo "2283"]
[Annotator "TA"]
[PlyCount "47"]
[EventDate "2022.09.20"]
[EventType "team-tourn"]
[EventCountry "SRB"]
[SourceTitle "playchess.com"]
[Source "ChessBase"]
[SourceQuality "1"]
[TimeControl "40/5400+30:1800+30"]

1. e4 e5 2. Nf3 Nc6 3. Bb5 a6 4. Ba4 Nf6 5. d4 exd4 6. O-O Be7 7. e5 Ne4 8. Re1 Nc5 9. Bxc6 dxc6 10. Nxd4 Ne6 {[%emt 0:06:03] C84: Closed Ruy Lopez: Unusual White 6th moves.} 11. Nf5 Qxd1 12. Rxd1 Bf8 {[%emt 0:00:15] Black is slightly better.} 13. Nc3 Bd7 14. Be3 O-O-O {[%emt 0:01:16] [#]} 15. Rd2 $146 ({Predecessor:} 15. a3 h6 16. Ng3 Be7 17. f4 g6 18. f5 gxf5 19. Nxf5 Bf8 20. Rf1 c5 21. Rad1 {½-½ (52) Gashimov,V (2664)-Harikrishna,P (2668) Reggio Emilia 2008}) 15... h5 16. Ne4 (16. Rad1 {with more complications.} h4 17. Ne4 Rh5 18. g4) 16... g6 (16... h4 {feels hotter.} 17. Rad1 Rh5 18. g4 hxg3 19. Nexg3 Rh8) 17. Nh4 Be7 18. Nf3 c5 19. Nfg5 (19. Rad1 {with more complications.} Bc6 20. Nfg5 Rxd2 21. Rxd2 Re8 22. Nxe6 Bxe4 23. Nxc5 Bxc5 24. Bxc5 Rxe5 25. Bd4) 19... Bc6 20. Rad1 Rxd2 21. Rxd2 Rd8 22. Rxd8+ Bxd8 23. Nxe6 Bxe4 24. Nxd8 {[%emt 0:00:30] Weighted Error Value: White=0.05 (flawless) /Black=0.04 (flawless)} 1/2-1/2

[Event "1st Serbian League 2022"]
[Site "Vrnjacka Banja"]
[Date "2022.09.27"]
[Round "8.34"]
[White "Stankovic, Boris"]
[Black "Ratkovic, Milovan"]
[Result "0-1"]
[ECO "B12"]
[WhiteElo "2208"]
[BlackElo "2411"]
[Annotator "TA"]
[PlyCount "102"]
[EventDate "2022.09.20"]
[EventType "team-tourn"]
[EventCountry "SRB"]
[SourceTitle "playchess.com"]
[Source "ChessBase"]
[SourceQuality "1"]
[TimeControl "40/5400+30:1800+30"]

1. e4 c6 2. d4 d5 3. f3 e6 4. Nc3 Bb4 5. Bf4 Ne7 6. Qd3 {[%emt 0:01:23] B12: Caro-Kann: Advance Variation.} b6 7. Nge2 Ba6 (7... c5 $5 ) 8. Qe3 {[%emt 0:00:08] The position is equal.} Nd7 9. O-O-O {[%emt 0:02:05] [#]} Bc4 $146 ({Predecessor:} 9... Rc8 10. g4 O-O 11. a3 Bxc3 12. Nxc3 Bxf1 13. Rhxf1 Re8 14. Bd6 Ra8 15. Rde1 Nf6 {0-1 (36) Djukic,N (2510)-Braun,A (2609) Tornelo INT 2021}) 10. a3 Bxc3 11. Nxc3 b5 12. Bd6 (12. Bxc4 $16 bxc4 13. h4) 12... Nb6 13. Bc5 (13. Qf4 $5 ) 13... O-O 14. Qg5 Re8 15. exd5 (15. Bxc4 {feels hotter.} Nxc4 16. h4 a5 17. Ne2) 15... Nexd5 16. Qxd8 (16. Ne4 {is more complex.} Qxg5+ 17. Nxg5 Bxf1 18. Rdxf1 a5 19. Ne4) 16... Rexd8 17. Nxd5 Rxd5 18. Bd3 Bxd3 19. Rxd3 Nd7 20. Rhd1 f6 21. Bb4 Kf7 22. b3 a5 23. Be1 h5 24. h4 a4 25. Kb2 (25. c4 $5 Rf5 26. cxb5 cxb5 27. d5 $11) 25... Rf5 26. Rc3 Ra6 27. bxa4 bxa4 28. Ka2 Rd5 29. Bf2 g5 (29... c5 $5 ) 30. Rb1 gxh4 31. Rb7 Ke7 32. Rc5 Kd6 33. Rxd5+ cxd5 34. Bxh4 $15 {[%emt 0:01:07][%mdl 4096] Endgame KRB-KRN} Rc6 35. Kb2 Rc4 36. c3 e5 37. Bf2 Ke6 (37... Rc8 $5 38. Bh4 Rg8 $11) 38. Ra7 e4 {[%emt 0:01:01] [#]} (38... Rc8 $11) 39. Ra6+ $1 $16 Ke7 40. Kc2 (40. Bh4 $16) 40... Rc8 41. fxe4 Rg8 $1 42. g3 (42. exd5 Rxg2 43. Re6+ Kf7 $17) 42... dxe4 {[%emt 0:02:32][%cal Oh5h4] And now ...h4! would win.} (42... h4 $5 43. exd5 (43. gxh4 Rg2 $11) 43... hxg3 $11) 43. Kd2 ({Weaker is} 43. Rxa4 h4 44. d5 (44. gxh4 $2 Rg2 $19) 44... hxg3 45. Rxe4+ Kd6 $17) 43... f5 44. d5 Rb8 $1 45. Rxa4 Rb2+ 46. Ke3 {[%emt 0:02:56] [#]} (46. Ke1 $1 $11 {was the only way to keep the balance.}) 46... Nb6 $1 $17 {[%emt 0:05:36][%csl LRa4,LRd5] Black is more active.} 47. Ra6 {[%emt 0:07:26][%mdl 8192] This costs White the game.} (47. Ra7+ $17 Kd6 48. Be1) 47... Nxd5+ $19 {[%emt 0:00:55] Black is clearly winning.} 48. Kd4 Nc7 49. Ra7 Kd6 ({Inferior is} 49... Rxf2 50. Rxc7+ Kd6 51. Rc8 $17) 50. Ke3 Nd5+ 51. Kd4 Rd2+ {[%emt 0:00:26] Weighted Error Value: White=0.37/Black=0.19 (very precise)} 0-1

[Event "1st Serbian League 2022"]
[Site "Vrnjacka Banja"]
[Date "2022.09.27"]
[Round "8.35"]
[White "Ratkovic, Miloje"]
[Black "Radojicic, Aleksandar M"]
[Result "1-0"]
[ECO "D02"]
[WhiteElo "2498"]
[BlackElo "2192"]
[Annotator "TA"]
[PlyCount "141"]
[EventDate "2022.09.20"]
[EventType "team-tourn"]
[EventCountry "SRB"]
[SourceTitle "playchess.com"]
[Source "ChessBase"]
[SourceQuality "1"]
[TimeControl "40/5400+30:1800+30"]

1. d4 {[%emt 0:00:04] Alekhine/Primel,D} Nf6 2. Nf3 c5 3. c3 d5 4. dxc5 a5 5. e4 {[%emt 0:00:18] [#]} e6 $146 ({Predecessor:} 5... Nxe4 6. Bb5+ Nc6 7. Be3 Bg4 8. Qa4 Bd7 9. Nbd2 Nxd2 10. Nxd2 e5 11. O-O Be7 12. Rad1 {0-1 (47) Alekhine,A-Iglitsky,A Odessa 1919 EXT 2021 [Alekhine/Primel,D]}) 6. exd5 {[%emt 0:14:04] D02: 1 d4 d5 2 Nf3 sidelines, including 2...Nf6 3 g3 and 2...Nf6 3 Bf4.} Nxd5 7. Ne5 Bxc5 8. Bb5+ {[%emt 0:01:02] The position is equal.} Nd7 9. O-O O-O 10. Bxd7 Bxd7 11. c4 {[%emt 0:00:42] Against Bb5} Nb6 12. Nc3 f6 13. Nxd7 Qxd7 14. Qxd7 Nxd7 15. Rd1 Ne5 16. Na4 Rfd8 {[%emt 0:01:58][%cal Rd8d1] [#]} 17. Bf4 Bd4 18. Bxe5 Bxe5 19. Nb6 Rab8 20. Nd7 Rbc8 21. Nxe5 fxe5 $11 {[%emt 0:00:12][%mdl 4096] Endgame KRR-KRR} 22. b3 Kf7 23. Kf1 Rd4 24. Ke2 (24. Rxd4 $1 $14 exd4 25. f4) 24... Rcd8 ({Better is} 24... g5 $11) 25. Rxd4 $1 $14 Rxd4 {[%emt 0:00:08] KR-KR} 26. Rd1 Re4+ 27. Kf3 Rf4+ 28. Ke3 Ke7 {[%emt 0:00:03] Prevents Rd7+.} 29. g3 {[%emt 0:02:01] Against Rh4} Rf8 30. h4 Rc8 (30... Rf5 $14 {was preferrable.}) 31. Ke4 $16 Rc5 (31... Rf8 $16) 32. a4 $18 h6 33. Rd2 Rc8 34. Kxe5 Rf8 35. Ke4 {[%emt 0:01:42] Against Rf3. Black must now prevent h5.} Rf5 $2 {[%emt 0:01:09] This move loses the game for Black.} (35... g5 $16 36. hxg5 hxg5) 36. g4 Rf8 37. h5 Rc8 38. f3 Rc5 39. Rd3 Rc8 40. Rd4 b6 $2 (40... Rg8 41. Rd1 Rc8) 41. Rd3 {[%emt 0:30:36] [#] f4 is the strong threat.} Rf8 (41... Rg8 $142 42. f4 Rc8) 42. Ke5 Rc8 43. f4 Rc5+ 44. Kd4 Rc8 45. Re3 {[%emt 0:00:00] Hoping for f5.} Kd6 46. Re5 Rf8 47. Ke4 Rf6 (47... Rc8 $142 48. Rb5 Rc6) 48. Rb5 Kc6 49. c5 bxc5 50. Rxa5 Kb6 51. Rb5+ Kc6 52. Ke5 {[%emt 0:00:00] aiming for b4.} Rf8 53. b4 cxb4 54. Rxb4 Re8 55. Rd4 Kc7 56. a5 Re7 57. a6 {[%emt 0:00:00] Threatening mate with Ra4.} Kb6 58. Rd6+ Ka7 59. Rxe6 {[%emt 0:00:00] White mates.} Rc7 60. Kf5 Rf7+ 61. Kg6 Rxf4 62. Kxg7 Rxg4+ 63. Kxh6 Rg1 64. Kh7 Rg2 65. h6 Rg1 66. Kh8 Rg2 67. h7 Rg1 68. Re8 Rc1 69. Kg7 Rg1+ 70. Kf6 Rf1+ 71. Kg5 {[%emt 0:00:26] Weighted Error Value: White=0.12 (very precise) /Black=0.48} 1-0

[Event "1st Serbian League 2022"]
[Site "Vrnjacka Banja"]
[Date "2022.09.27"]
[Round "8.36"]
[White "Velikic, Adela"]
[Black "Dimic, Pavle"]
[Result "1-0"]
[ECO "E73"]
[WhiteElo "2272"]
[BlackElo "2352"]
[Annotator "TA"]
[PlyCount "97"]
[EventDate "2022.09.20"]
[EventType "team-tourn"]
[EventCountry "SRB"]
[SourceTitle "playchess.com"]
[Source "ChessBase"]
[SourceQuality "1"]
[TimeControl "40/5400+30:1800+30"]

1. c4 Nf6 2. Nc3 g6 3. d4 Bg7 4. e4 d6 5. Be2 O-O 6. Be3 e5 7. d5 Na6 8. h4 Nc5 {[%emt 0:00:57] E73: King's Indian: Averbakh Variation without 6...c5.} 9. Qc2 b6 10. h5 {[%emt 0:00:37] [#]} Nxh5 $146 {[%emt 0:00:37] White is slightly better.} ({Predecessor:} 10... a5 11. hxg6 fxg6 12. Nh3 Bd7 13. O-O-O a4 14. f3 Nh5 15. Nf2 Bf6 16. Qd2 Ng3 {0-1 (39) Ruckschloss,K (2306)-Kubala,J (2125) Bratislava 2001}) 11. Bxh5 gxh5 12. b4 Na6 13. b5 (13. Qd1 $5 ) 13... Nc5 (13... Nb4 $2 14. Qb1 $18) 14. Rxh5 Qe8 15. g4 {[%emt 0:08:07] Prevents f5.} (15. Bxc5 $11 {keeps the balance.} bxc5 16. Rh2) 15... Bxg4 $17 16. Rg5 Bd7 17. Nge2 Kh8 18. O-O-O f5 (18... Bh6 $17 19. Rh5 Bxe3+ 20. fxe3 Rg8) 19. Rh1 $1 $11 (19. Bxc5 Bh6 20. Be3 f4 $17) 19... f4 ({Weaker is} 19... Bf6 20. Rgh5 Qe7 21. exf5 $16 (21. Rxh7+ Qxh7 22. Rxh7+ Kxh7 $14)) 20. Nxf4 {[%emt 0:05:18] Chess con chili.} ({Reject} 20. Bxc5 bxc5 21. Kb2 Rf6 $17) 20... Rf7 $2 (20... Rxf4 $14 21. Bxf4 exf4) 21. Ng6+ $1 $18 Kg8 {[%emt 0:00:04] [#]} 22. Nh4 Kh8 (22... h6 $2 23. Rg3 $18) 23. Qe2 Rf6 $2 (23... Bf6 $16 {keeps fighting.}) 24. Nf5 $2 (24. f4 $18 {has better winning chances.}) 24... Bxf5 $16 25. exf5 ({But not} 25. Rxf5 {[#]} Nxe4 $1 26. Rxf6 Nxf6 $15) 25... Qf7 (25... Bh6 $16) 26. Rgh5 $18 Bf8 27. Rxh7+ Qxh7 28. Rxh7+ Kxh7 29. Qh5+ Kg8 (29... Bh6 $142 30. Kb2 Kg7 31. Bxc5 bxc5) 30. Bg5 Rf7 31. f6 Rh7 32. Qg6+ Kh8 33. Kc2 Nd7 34. Ne4 {[%emt 0:00:36] Black must now prevent f7.} Rb8 35. Ng3 {[%emt 0:00:40] Strongly threatening Nf5.} e4 36. Qxe4 Ne5 37. f4 Nf7 38. Nf5 Ra8 39. Ne7 {[%emt 0:00:32] Intending Qg6 and mate.} Rb8 40. Ng6+ (40. Qg6 $142 Bh6 41. Bxh6 Nxh6 42. f7 Nxf7 43. Qf6+ Rg7 44. Qh4+ Rh7 45. Qe1) 40... Kg8 41. Ne7+ (41. Kb3 $18 Bh6 42. Bxh6 Nxh6 43. Ne7+ Kh8 44. f7 Rxf7 45. Qe6 Rxe7 46. Qxe7) 41... Kh8 42. Qg6 Bh6 43. Bxh6 Nxh6 44. f7 Nxf7 45. Qf6+ Rg7 46. Nf5 {[%emt 0:00:00][%csl Gf5][%cal Rf6g7] White mates.} Rbg8 47. Kc3 Kh7 48. Qh4+ Kg6 49. Ne7# {[%emt 0:00:00] Weighted Error Value: White=0.58/Black=0.50} 1-0

[Event "1st Serbian League 2022"]
[Site "Vrnjacka Banja"]
[Date "2022.09.28"]
[Round "9.1"]
[White "Budisavljevic, Luka"]
[Black "Indjic, Aleksandar"]
[Result "0-1"]
[ECO "D05"]
[WhiteElo "2524"]
[BlackElo "2628"]
[Annotator "TA"]
[PlyCount "116"]
[EventDate "2022.09.20"]
[EventType "team-tourn"]
[EventCountry "SRB"]
[SourceTitle "playchess.com"]
[Source "ChessBase"]
[SourceQuality "1"]
[TimeControl "40/5400+30:1800+30"]

1. d4 d5 2. Nf3 e6 3. e3 Nf6 4. Bd3 b6 5. O-O Bb7 6. b3 Nbd7 {[%emt 0:00:18] D05: Colle System with ...e6.} 7. c4 Bd6 8. cxd5 exd5 {[%emt 0:00:08] The position is equal.} 9. Ba3 Qe7 {[%emt 0:03:36] 9...Bxa3 is becoming the main line.} 10. Bxd6 Qxd6 11. Nc3 {[%emt 0:00:45] And now Nb5 would win.} a6 {[%emt 0:00:07] Prevents Nb5.} 12. Rc1 O-O 13. Qc2 Rfe8 14. Na4 Rac8 15. Qe2 Ra8 {[%emt 0:16:51] [#]} 16. Qc2 $146 ({Predecessor:} 16. Bf5 g6 17. Bh3 c5 18. Rfd1 Rac8 19. Qb2 c4 20. Ne5 Bc6 21. Nc3 {½-½ (23) Rosner,J (2478)-Meskovs,N (2535) Kiel 2022}) 16... c6 17. Bf5 g6 18. Bh3 h5 19. Bxd7 Nxd7 20. Ne5 Nxe5 21. dxe5 Rxe5 22. Nxb6 Rae8 23. Rfd1 {[%emt 0:01:04] Strongly threatening Nc4.} Qe7 24. Kh1 Rf5 25. Kg1 Qg5 ({Black should play} 25... Re5 $11) 26. Nd7 $14 h4 27. h3 Re7 28. Nc5 Bc8 29. Kh1 Rf6 30. Qe2 Qe5 31. Qf1 (31. Nxa6 Bxa6 32. Qxa6 Rxf2 33. Qc8+ Kg7 $17) ({Better is} 31. Nd3 $14 Qf5 32. Qb2) 31... Qf5 (31... Qb2 $5 ) 32. Nd3 a5 33. Qg1 Ba6 34. Nc5 Bc8 35. Rd2 Qg5 36. Qh2 (36. Qd1 $16) 36... Kg7 $11 37. Qg1 Qh5 (37... Kg8 $1 $11) 38. Qd1 Qe5 39. Qg1 (39. Nd3 $16 Qd6 40. Rdc2) 39... g5 ({Black should try} 39... Qh5 $11) 40. Qh2 Qf5 41. Nd3 (41. b4 $5) 41... Qe4 42. a3 Re8 43. Nc5 Qe7 44. Qg1 g4 45. hxg4 Bxg4 {[%emt 0:02:28][%cal Oh4h3,Bc8g4,Bg4h5,Bh5g6,Bg6f7,Bf7e8][%mdl 32] aiming for ...h3!} 46. f3 Bh5 47. e4 h3 {[%emt 0:00:28] ...hxg2+ is the strong threat.} 48. Qd4 (48. exd5 hxg2+ 49. Rxg2+ Kh7 50. Rg7+ Kh8 $17) ({Don't blunder} 48. gxh3+ $2 Kh7 49. Qg5 Bxf3+ 50. Kh2 Qc7+ 51. Qg3 Qxg3+ 52. Kxg3 dxe4 $19) 48... Bg6 49. Kg1 Kg8 50. e5 {[%emt 0:01:55] [#]} (50. Rf1 $11) 50... Rf5 $1 $17 (50... Qxe5 $2 51. Qxe5 Rxe5 52. Nd7 $18) 51. Re1 (51. Re2 $142) 51... Qg5 ({Worse is} 51... Rxe5 52. Rxe5 Qxe5 53. Qxe5 Rxe5 54. Nb7 $15) 52. e6 Rxf3 {[%emt 0:00:27] White must now prevent ...Rg3. Really sharp!} 53. exf7+ $2 {[%emt 0:01:41] This move loses the game for White.} (53. Rf2 $17) 53... Bxf7 $19 54. Rxe8+ Bxe8 55. Kh1 (55. Re2 $142 Bh5 56. Qe5) 55... Rf1+ 56. Kh2 {[%emt 0:00:01] [#]} Rd1 $3 57. Ne4 (57. Qd3 Rxd2) 57... Qf4+ (57... dxe4 $142 58. Qxe4 Rxd2 59. Kxh3 Qh6+ 60. Kg4 Bd7+ 61. Kg3 Qd6+ 62. Kf3 Qf8+ 63. Kg3 Qb8+ 64. Kf3 Qxb3+ 65. Kf4 Rf2+ 66. Ke5 Qg3+ 67. Kd4 Qd6+ 68. Kc3 Qxa3+ 69. Kc4 Qb4+ 70. Kd3 Qb3+ 71. Kd4 Rd2+ 72. Ke5 Qg3+ 73. Qf4 Rd5+ 74. Kf6 Qg7#) 58. g3 Qxe4 {[%emt 0:00:13] Weighted Error Value: White=0.55/Black=0.27 (precise)} 0-1